TOP OF THE 1ST |
---|
Culver City Extras batting - Pitching for Casper Ghosts : RHP Juan Contreras | Pitching: RHP Juan Contreras | | Batting: LHB Trey Fitzpatrick | 0-0: Ball 1-0: SINGLE (Groundball, 4MD) | Batting: RHB Jason McIntosh | 0-0: Ball 1-0: Ball 2-0: Called Strike 2-1: Foul Ball, location: 2F 2-2: Reached on error, E6 (Groundball, 6) Trey Fitzpatrick to second | Batting: LHB Iván Espinosa | 0-0: Ball 1-0: Called Strike 1-1: Grounds into double play, 6-4-3 (Groundball, 6) Trey Fitzpatrick to third | Batting: LHB Tony Smith | 0-0: Ball 1-0: Called Strike 1-1: Ball 2-1: Ball 3-1: Base on Balls | Batting: LHB Ramiro Venegas | 0-0: Ball 1-0: Called Strike 1-1: Foul Ball, location: 2F 1-2: Fly out, F4 (Popup, 4S) | Top of the 1st over - 0 runs, 1 hit, 1 error, 2 left on base; Culver City 0 - Casper 0 | BOTTOM OF THE 1ST |
---|
Casper Ghosts batting - Pitching for Culver City Extras : RHP Robinson Flores | Pitching: RHP Robinson Flores | | Batting: RHB Peter Bryant | 0-0: Foul Ball, location: 2F 0-1: Foul Ball, location: 2F 0-2: Ball 1-2: Ball 2-2: Foul Ball, location: 2F 2-2: Ball 3-2: Foul Ball, location: 2F 3-2: Base on Balls | Batting: LHB Ramón Córdova | 0-0: 2-RUN HOME RUN (Flyball, 9LD), Distance : 392 ft | Batting: RHB Paul Richard | 0-0: Called Strike 0-1: Foul Ball, location: 2F 0-2: Ball 1-2: Strikes out looking | Batting: LHB Luis Rodríguez | 0-0: Ball 1-0: Ball 2-0: Foul Ball, location: 2F 2-1: Ball 3-1: SOLO HOME RUN (Flyball, 9LD), Distance : 370 ft | Batting: SHB José González | 0-0: Foul Ball, location: 2F 0-1: Ball 1-1: Foul Ball, location: 2F 1-2: Ball 2-2: Foul Ball, location: 2F 2-2: Ball 3-2: SINGLE (Groundball, 6S) (infield hit) | Batting: RHB Robert Acosta | 0-0: Ball 1-0: Fly out, F6 (Line Drive, 6) | Batting: RHB Jerry Browning | 0-0: Ball José González is caught stealing 2nd base | Bottom of the 1st over - 3 runs, 3 hits, 0 errors, 0 left on base; Culver City 0 - Casper 3 | TOP OF THE 2ND |
---|
Culver City Extras batting - Pitching for Casper Ghosts : RHP Juan Contreras | Batting: RHB Horace Johnson | 0-0: Ball 1-0: Ball 2-0: Called Strike 2-1: Ball 3-1: Foul Ball, location: 2F 3-2: Fly out, F8 (Flyball, 8RD) | Batting: LHB Richard Bell | 0-0: Ball 1-0: Fly out, F7 (Flyball, 7LM) | Batting: LHB Buddy Rice | 0-0: Ball 1-0: Called Strike 1-1: Ball 2-1: Ball 3-1: Base on Balls | Batting: RHB Jesús Herrera | 0-0: Called Strike 0-1: Swinging Strike 0-2: Ball 1-2: Ball 2-2: Strikes out looking | Top of the 2nd over - 0 runs, 0 hits, 0 errors, 1 left on base; Culver City 0 - Casper 3 | BOTTOM OF THE 2ND |
---|
Casper Ghosts batting - Pitching for Culver City Extras : RHP Robinson Flores | Batting: RHB Jerry Browning | 0-0: Ball 1-0: Ball 2-0: Swinging Strike 2-1: Ball 3-1: Foul Ball, location: 2F 3-2: Foul Ball, location: 2F 3-2: Strikes out swinging | Batting: RHB Miguel Toro | 0-0: Ball 1-0: Called Strike 1-1: Swinging Strike 1-2: Foul Ball, location: 2F 1-2: Ball 2-2: Ball 3-2: Base on Balls | Batting: RHB Hunter Plunket | 0-0: Ball Miguel Toro steals 2nd base 1-0: Called Strike 1-1: Foul Ball, location: 2F 1-2: Ball 2-2: Reached via error on a dropped throw, E3 Miguel Toro to third | Batting: RHB Peter Bryant | 0-0: Swinging Strike 0-1: Foul Ball, location: 2F 0-2: Ball 1-2: Fly out, F8 (Flyball, 8LD) Runner from 3rd tags up, SCORES, throw made | Batting: LHB Ramón Córdova | 0-0: Ball 1-0: Ball 2-0: Called Strike 2-1: Foul Ball, location: 2F 2-2: Ball 3-2: Fly out, F9 (Flyball, 9LMF) | Bottom of the 2nd over - 1 run, 0 hits, 1 error, 1 left on base; Culver City 0 - Casper 4 | TOP OF THE 3RD |
---|
Culver City Extras batting - Pitching for Casper Ghosts : RHP Juan Contreras | Batting: LHB Trey Fitzpatrick | 0-0: Called Strike 0-1: Ball 1-1: Called Strike 1-2: Foul Ball, location: 2F 1-2: Ball 2-2: SINGLE (Flyball, 9S) | Batting: RHB Jason McIntosh | 0-0: Ball 1-0: Foul Ball, location: 2F 1-1: Ball 2-1: DOUBLE (Groundball, 5L) Trey Fitzpatrick to third | Batting: LHB Iván Espinosa | 0-0: Fly out, F3 (Popup, 3) | Batting: LHB Tony Smith | 0-0: Ball 1-0: Ball 2-0: SINGLE (Line Drive, 9S) Trey Fitzpatrick scores Jason McIntosh to third Runner from 3rd tries for Home, SAFE, throw made home Tony Smith to second | Batting: LHB Ramiro Venegas | 0-0: Foul Ball, location: 2F 0-1: Swinging Strike 0-2: Ball 1-2: SINGLE (Groundball, 25) (infield hit) Tony Smith to third | Batting: RHB Horace Johnson | 0-0: Ball 1-0: Fly out, F7 (Flyball, 7LS) Throwing error, E7 Tony Smith scores Ramiro Venegas to second | Batting: LHB Richard Bell | 0-0: Ball 1-0: Ball 2-0: Foul Ball, location: 2F 2-1: Ball 3-1: Base on Balls | Batting: LHB Buddy Rice | Balk! Ramiro Venegas to third Richard Bell to second 0-0: Foul Ball, location: 2F 0-1: Ball 1-1: Ball Wild Pitch! Ramiro Venegas scores Richard Bell to third 2-1: Foul Ball, location: 2F 2-2: Ball 3-2: Base on Balls | Batting: RHB Jesús Herrera | 0-0: Ball 1-0: Swinging Strike 1-1: Foul Ball, location: 2F 1-2: Strikes out swinging | Top of the 3rd over - 4 runs, 4 hits, 1 error, 2 left on base; Culver City 4 - Casper 4 | BOTTOM OF THE 3RD |
---|
Casper Ghosts batting - Pitching for Culver City Extras : RHP Robinson Flores | Batting: RHB Paul Richard | 0-0: Called Strike 0-1: SINGLE (Groundball, 34D) | Batting: LHB Luis Rodríguez | 0-0: Ball 1-0: Ball 2-0: Ball 3-0: Called Strike 3-1: Base on Balls Paul Richard to second | Batting: SHB José González | 0-0: Called Strike 0-1: Ball 1-1: Ball 2-1: Foul Ball, location: 2F 2-2: Ball 3-2: SINGLE (Line Drive, 34) Paul Richard to third Luis Rodríguez to second Runner from 3rd tries for Home, throw and OUT! Luis Rodríguez to third José González to second | Batting: RHB Robert Acosta | 0-0: Fly out, F7 (Flyball, 7S) | Batting: RHB Jerry Browning | 0-0: Fly out, F8 (Flyball, 8RXD) | Bottom of the 3rd over - 0 runs, 2 hits, 0 errors, 2 left on base; Culver City 4 - Casper 4 | TOP OF THE 4TH |
---|
Culver City Extras batting - Pitching for Casper Ghosts : RHP Juan Contreras | Batting: LHB Trey Fitzpatrick | 0-0: Foul Ball, location: 2F 0-1: Foul Ball, location: 2F 0-2: Ball 1-2: Ground out U3 (Groundball, 34) | Batting: RHB Jason McIntosh | 0-0: Foul Ball, location: 2F 0-1: Ball 1-1: Foul Ball, location: 2F 1-2: Ball 2-2: Strikes out looking | Batting: LHB Iván Espinosa | 0-0: Ball 1-0: Ball 2-0: Ball 3-0: Called Strike 3-1: Base on Balls | Batting: LHB Tony Smith | 0-0: Called Strike 0-1: Ground out 4-3 (Groundball, 34) | Top of the 4th over - 0 runs, 0 hits, 0 errors, 1 left on base; Culver City 4 - Casper 4 | BOTTOM OF THE 4TH |
---|
Casper Ghosts batting - Pitching for Culver City Extras : RHP Robinson Flores | Batting: RHB Miguel Toro | 0-0: Called Strike 0-1: Ball 1-1: Ball 2-1: Ball 3-1: Base on Balls | Batting: RHB Hunter Plunket | 0-0: Ball 1-0: Called Strike 1-1: Ball 2-1: Foul Ball, location: 2F 2-2: 2-RUN HOME RUN (Flyball, 9LD), Distance : 385 ft | Batting: RHB Peter Bryant | 0-0: Fly out, F4 (Line Drive, 4) | Batting: LHB Ramón Córdova | 0-0: Swinging Strike 0-1: Called Strike 0-2: Ball 1-2: Ball 2-2: Strikes out swinging | Batting: RHB Paul Richard | 0-0: Ball 1-0: Foul Ball, location: 2F 1-1: Swinging Strike 1-2: Ball 2-2: Ball 3-2: Foul Ball, location: 2F 3-2: Fly out, F7 (Line Drive, 78M) | Bottom of the 4th over - 2 runs, 1 hit, 0 errors, 0 left on base; Culver City 4 - Casper 6 | TOP OF THE 5TH |
---|
Culver City Extras batting - Pitching for Casper Ghosts : RHP Juan Contreras | Pitching: RHP Valentín Mejía | | Batting: LHB Ramiro Venegas | 0-0: Ball 1-0: DOUBLE (Flyball, 78D) | Batting: RHB Horace Johnson | 0-0: Called Strike 0-1: SINGLE (Line Drive, 4M) Ramiro Venegas to third | Batting: LHB Richard Bell | 0-0: Ball 1-0: Ball 2-0: Called Strike 2-1: SINGLE (Groundball, 34D) Ramiro Venegas scores Horace Johnson to second Runner from 2nd tries for 3rd, SAFE, no throw | Batting: LHB Buddy Rice | 0-0: SINGLE (Groundball, 6MD) Horace Johnson scores Richard Bell to second | Batting: RHB Jesús Herrera | 0-0: Called Strike 0-1: Foul Ball, location: 2F 0-2: Strikes out looking | Batting: LHB Trey Fitzpatrick | 0-0: Ball 1-0: Swinging Strike 1-1: Ball 2-1: Called Strike 2-2: Strikes out looking | Batting: RHB Jason McIntosh | 0-0: Ball 1-0: Ball 2-0: Called Strike 2-1: Swinging Strike 2-2: Strikes out swinging | Top of the 5th over - 2 runs, 4 hits, 0 errors, 2 left on base; Culver City 6 - Casper 6 | BOTTOM OF THE 5TH |
---|
Casper Ghosts batting - Pitching for Culver City Extras : RHP Robinson Flores | Batting: LHB Luis Rodríguez | 0-0: Called Strike 0-1: Fly out, F7 (Flyball, 78S) | Batting: SHB José González | 0-0: Ball 1-0: Ball 2-0: Ball 3-0: Called Strike 3-1: Base on Balls | Pitching: LHP Alonso Álvarez | | Batting: RHB Robert Acosta | 0-0: Ball 1-0: Called Strike 1-1: Ball 2-1: Called Strike Throwing error on steal attempt, E2 José González to third 2-2: Ground out 5-3 (Groundball, 5S) | Batting: RHB Jerry Browning | 0-0: Ball 1-0: Foul Ball, location: 2F 1-1: Ball 2-1: Ball 3-1: Base on Balls | Batting: RHB Miguel Toro | 0-0: Swinging Strike 0-1: Ball 1-1: Called Strike 1-2: Strikes out swinging | Bottom of the 5th over - 0 runs, 0 hits, 1 error, 2 left on base; Culver City 6 - Casper 6 | TOP OF THE 6TH |
---|
Culver City Extras batting - Pitching for Casper Ghosts : RHP Valentín Mejía | Pitching: RHP Derrick Hall | | Batting: LHB Iván Espinosa | 0-0: Ground out 4-3 (Groundball, 4D) | Batting: LHB Tony Smith | 0-0: Foul Ball, location: 2F 0-1: Foul Ball, location: 2F 0-2: Ball 1-2: Ball 2-2: Strikes out swinging | Batting: LHB Ramiro Venegas | 0-0: Ball 1-0: Ground out 6-3 (Groundball, 6) | Top of the 6th over - 0 runs, 0 hits, 0 errors, 0 left on base; Culver City 6 - Casper 6 | BOTTOM OF THE 6TH |
---|
Casper Ghosts batting - Pitching for Culver City Extras : LHP Alonso Álvarez | Batting: RHB Hunter Plunket | 0-0: Ball 1-0: Swinging Strike 1-1: SINGLE (Line Drive, 4M) | Batting: RHB Peter Bryant | 0-0: Ball 1-0: Foul Ball, location: 2F 1-1: Ball 2-1: Called Strike 2-2: Strikes out swinging | Batting: LHB Ramón Córdova | 0-0: SINGLE (Groundball, 6) (infield hit) Hunter Plunket to second | Batting: RHB Paul Richard | 0-0: Called Strike 0-1: Ball 1-1: Ball 2-1: DOUBLE (Line Drive, 78M) Hunter Plunket scores Ramón Córdova to third | Batting: LHB Luis Rodríguez | 0-0: Intentional Walk | Batting: SHB José González | 0-0: Ball 1-0: Swinging Strike 1-1: Ball 2-1: Ball 3-1: Base on Balls Ramón Córdova scores Paul Richard to third Luis Rodríguez to second | Pitching: LHP Henry Brown | | Batting: RHB Robert Acosta | 0-0: Grounds into fielders choice 5-2 (Groundball, 5L) Luis Rodríguez to third José González to second | Batting: RHB Jerry Browning | 0-0: Foul Ball, location: 2F 0-1: Reached on error, E4 (Groundball, 4) Luis Rodríguez scores José González scores Robert Acosta to third | Batting: RHB Miguel Toro | 0-0: Ball 1-0: Ball 2-0: SINGLE (Line Drive, 78M) Robert Acosta scores Jerry Browning to third | Batting: RHB Hunter Plunket | 0-0: Ball 1-0: Fielders Choice at 2nd, U6 (Groundball, 6M) | Bottom of the 6th over - 5 runs, 4 hits, 1 error, 2 left on base; Culver City 6 - Casper 11 | TOP OF THE 7TH |
---|
Culver City Extras batting - Pitching for Casper Ghosts : RHP Derrick Hall | Batting: RHB Horace Johnson | 0-0: Ball 1-0: Foul Ball, location: 2F 1-1: Ball 2-1: Foul Ball, location: 2F 2-2: Foul Ball, location: 2F 2-2: Foul Ball, location: 2F 2-2: Fly out, F7 (Flyball, 7S) | Batting: LHB Richard Bell | 0-0: Called Strike 0-1: SINGLE (Groundball, 6MD) | Batting: LHB Buddy Rice | 0-0: Ball 1-0: Fly out, F8 (Line Drive, 8LD) | Batting: RHB Jesús Herrera | 0-0: Ball 1-0: Ball 2-0: Ball 3-0: Called Strike 3-1: Ground out 4-3 (Groundball, 4MS) | Top of the 7th over - 0 runs, 1 hit, 0 errors, 1 left on base; Culver City 6 - Casper 11 | BOTTOM OF THE 7TH |
---|
Casper Ghosts batting - Pitching for Culver City Extras : LHP Henry Brown | Batting: RHB Peter Bryant | 0-0: Called Strike 0-1: Foul Ball, location: 2F 0-2: Strikes out looking | Batting: LHB Ramón Córdova | 0-0: Fly out, F8 (Flyball, 8LS) | Batting: RHB Paul Richard | 0-0: Ball 1-0: Ball 2-0: Called Strike 2-1: Ball 3-1: Base on Balls | Batting: LHB Luis Rodríguez | 0-0: Ball 1-0: Ball 2-0: Ball 3-0: Called Strike 3-1: Called Strike 3-2: DOUBLE (Groundball, 3L) Paul Richard to third Paul Richard scores | Batting: SHB José González | 0-0: Fly out, F9 (Flyball, 9LSF) | Bottom of the 7th over - 1 run, 1 hit, 0 errors, 1 left on base; Culver City 6 - Casper 12 | TOP OF THE 8TH |
---|
Culver City Extras batting - Pitching for Casper Ghosts : RHP Derrick Hall | Batting: LHB Trey Fitzpatrick | 0-0: Ball 1-0: Ball 2-0: Called Strike 2-1: Foul Ball, location: 2F 2-2: Foul Ball, location: 2F 2-2: Strikes out swinging | Batting: RHB Jason McIntosh | 0-0: Foul Ball, location: 2F 0-1: Ball 1-1: Ball 2-1: Foul Ball, location: 2F 2-2: Fly out, F9 (Line Drive, 9) | Batting: LHB Iván Espinosa | 0-0: Ground out 2-3 (Groundball, 2L) | Top of the 8th over - 0 runs, 0 hits, 0 errors, 0 left on base; Culver City 6 - Casper 12 | BOTTOM OF THE 8TH |
---|
Casper Ghosts batting - Pitching for Culver City Extras : LHP Henry Brown | Batting: RHB Robert Acosta | 0-0: Ground out 5-3 (Groundball, 56S) | Batting: RHB Jerry Browning | 0-0: Ball 1-0: Called Strike 1-1: SINGLE (Groundball, 15S) (infield hit) | Batting: RHB Miguel Toro | 0-0: Ball 1-0: Fly out, F8 (Line Drive, 8RD) | Batting: RHB Hunter Plunket | 0-0: Ball 1-0: Ball 2-0: SINGLE (Groundball, 6MD) Jerry Browning to second Runner from 2nd tries for 3rd, SAFE, no throw | Batting: RHB Peter Bryant | 0-0: Ball 1-0: Called Strike 1-1: Swinging Strike 1-2: Strikes out swinging | Bottom of the 8th over - 0 runs, 2 hits, 0 errors, 2 left on base; Culver City 6 - Casper 12 | TOP OF THE 9TH |
---|
Culver City Extras batting - Pitching for Casper Ghosts : RHP Derrick Hall | Batting: LHB Tony Smith | 0-0: Swinging Strike 0-1: Ball 1-1: Ball 2-1: Ball 3-1: Foul Ball, location: 2F 3-2: Base on Balls | Batting: LHB Ramiro Venegas | 0-0: Foul Ball, location: 2F 0-1: Ball 1-1: SINGLE (Line Drive, 4M) Tony Smith to second | Batting: RHB Horace Johnson | 0-0: Ball 1-0: Ball 2-0: Grounds into double play, 4-6-3 (Groundball, 4) Tony Smith to third | Batting: LHB Richard Bell | 0-0: Called Strike 0-1: Ball 1-1: Ball 2-1: Foul Ball, location: 2F 2-2: Strikes out swinging | Top of the 9th over - 0 runs, 1 hit, 0 errors, 1 left on base; Culver City 6 - Casper 12 | |